 Dungeon Crawl Stone Soup version 0.28.0-45-g0d030f2227 (webtiles) character file.

Game seed: 4035820542328382900

353 Iusername the Covered (level 6, -3/55 HPs)
             Began as a Minotaur Fighter on Apr 4, 2022.
             Slain by an iguana (6 damage)
             ... on level 4 of the Dungeon.
             The game lasted 00:08:03 (3501 turns).

Iusername the Covered (Minotaur Fighter)            Turns: 3501, Time: 00:08:04

Health: -3/55      AC:  7    Str: 21    XL:     6   Next: 35%
Magic:  5/5        EV:  9    Int:  7    God:
Gold:   91         SH:  4    Dex:  9    Spells: 5/5 levels left

rFire   . . .      SeeInvis .   a - +0 long sword
rCold   . . .      Faith    +   c - +0 buckler
rNeg    . . .      Spirit   .   b - +0 scale mail
rPois   .          Reflect  .   (helmet restricted)
rElec   .          Harm     .   (no cloak)
rCorr   .          Rampage  .   (no gloves)
Will    .....                   (no boots)
Stlth   ..........              n - amulet of faith
HPRegen 0.18/turn               e - ring of flight
MPRegen 0.09/turn               (no ring)

@: brilliant, flying
A: horns 2, retaliatory headbutt
a: no special abilities


You were on level 4 of the Dungeon.
You visited 1 branch of the dungeon, and saw 4 of its levels.

You collected 91 gold pieces.

Inventory:

Hand Weapons
 a - a +0 long sword (weapon)
 u - a +1 hand crossbow of flaming
Armour
 b - a +0 scale mail (worn)
 c - a +0 buckler (worn)
Jewellery
 e - a ring of flight (left hand)
 n - an amulet of faith (around neck)
Scrolls
 f - 2 scrolls of identify {unknown}
 h - a scroll of holy word {unknown}
 j - 2 scrolls of noise {unknown}
 k - 3 scrolls of fog {unknown}
 p - a scroll of amnesia {unknown}
 q - a scroll of torment {unknown}
 r - a scroll of blinking {unknown}
 s - a scroll of teleportation {unknown}
Potions
 g - a potion of invisibility {unknown}
 m - a potion of flight {unknown}
 o - a potion of degeneration {unknown}
 t - a potion of berserk rage {unknown}


   Skills:
 + Level 4.8 Fighting
 + Level 5.1 Long Blades
 + Level 5.8 Armour
 + Level 1.1 Dodging
 + Level 0.3 Stealth
 + Level 4.3 Shields


You had 5 spell levels left.
You didn't know any spells.
Your spell library contained the following spells:

 Spells                   Type           Power      Damage    Failure   Level
 Foxfire                  Conj/Fire      0%         2x1d4     83%         1
 Sandblast                Erth           0%         2d4       83%         1
 Passwall                 Tmut/Erth      0%         N/A       93%         2
 Conjure Flame            Conj/Fire      0%         6-21      99%         3
 Frozen Ramparts          Ice            0%         1d2       99%         3
 Inner Flame              Hex/Fire       0%         N/A       99%         3
 Stone Arrow              Conj/Erth      0%         3d7       99%         3
 Flame Wave               Conj/Fire      0%         2d4       100%        4
 Ice Form                 Ice/Tmut       0%         N/A       100%        4
 Summon Ice Beast         Ice/Summ       0%         N/A       100%        4


Dungeon Overview and Level Annotations

Branches:
Dungeon (4/15)
 Temple: D:4-7

Altars:
Fedhas
Xom


Innate Abilities, Weirdness & Mutations

You have a pair of horns on your head.
You reflexively headbutt those who attack you in melee.


Message History

You closely miss the iguana. The iguana bites you.
The iguana barely misses you.
You barely miss the iguana.
You headbutt the iguana, but do no damage.
The iguana bites you!
You hit the iguana.
The iguana is lightly wounded.
The iguana bites you.
The iguana bites you but does no damage.
You hit the iguana.
The iguana is heavily wounded.
The iguana bites you! The iguana misses you. The iguana bites you!
* * * LOW HITPOINT WARNING * * *
It was a potion of curing.
You feel better. You block the iguana's attack. The iguana barely misses you.
You hit the iguana.
The iguana is severely wounded.
The iguana barely misses you.
The iguana hisses menacingly.
The iguana bites you but does no damage.
You closely miss the iguana.
You headbutt the iguana, but do no damage.
The iguana is severely wounded.
You block the iguana's attack.
The iguana bites you but does no damage.
The iguana bites you!
* * * LOW HITPOINT WARNING * * *
You closely miss the iguana. You headbutt the iguana.
You kill the iguana!
The iguana bites you!
* * * LOW HITPOINT WARNING * * *
It was a potion of brilliance.
You feel clever all of a sudden. The iguana bites you.
* * * LOW HITPOINT WARNING * * *
The iguana completely misses you.
You closely miss the iguana. You headbutt the iguana.
The iguana is moderately wounded.
The iguana bites you.
You die...

########## ##........#
..........# ###########
..........####..........
............#...........
##..........#...........
............#...........
............'...@..>....
...#........#..†l.......
...#........#.##.####...
###.........#.##... .
#.........#+####...
###.......##.. ....
........... .... ...
........#......... ...
........#.........


You could see an iguana.

Vanquished Creatures
  A black bear (D:4)
  2 water moccasin skeletons (D:4)
  A howler monkey (D:4)
  An iguana (D:4)
  2 adders
  A white imp (D:4)
  An adder skeleton (D:4)
  A worm (D:3)
  5 dart slugs
  An orc (D:3)
  7 bats
  4 endoplasms
  2 giant cockroaches
  2 goblins
  6 hobgoblins
  6 jackals
  4 kobolds
  2 quokkas
  7 ball pythons
  2 frilled lizards
  5 rats
63 creatures vanquished.

Notes
Turn   | Place    | Note
-------+----------+-------------------------------------------
     0 | D:1      | Iusername the Minotaur Fighter began the quest for the Orb.
     0 | D:1      | Reached XP level 1. HP: 19/19 MP: 0/0
   278 | D:1      | Reached XP level 2. HP: 20/27 MP: 1/1
   715 | D:1      | Found a faded altar of an unknown god.
  1141 | D:2      | Reached XP level 3. HP: 33/33 MP: 2/2
  2158 | D:3      | Found a blossoming altar of Fedhas.
  2338 | D:3      | Reached XP level 4. HP: 41/41 MP: 3/3
  2984 | D:4      | Noticed a black bear
  2996 | D:4      | Killed a black bear
  2997 | D:4      | Reached skill level 5 in Armour
  2997 | D:4      | Reached XP level 5. HP: 23/47 MP: 4/4
  3268 | D:4      | Found a shimmering altar of Xom.
  3482 | D:4      | Reached skill level 1 in Dodging
  3482 | D:4      | Reached XP level 6. HP: 48/53 MP: 5/5
  3488 | D:4      | Reached skill level 5 in Long Blades
  3499 | D:4      | HP: 2/55 [iguana (5)]
  3501 | D:4      | Slain by an iguana

Illustrated notes

Levels and vault maps discovered:
D:1:      dpeg_arrival_arbitrary_a, layout_basic,
          ebering_ecumenical_altar_ruins, roderic_lattice_a,
          kennysheep_crisscross
D:2:      layout_rooms
D:3:      layout_loops_ring, mainiacjoe_overflow_boulevard, minmay_crystal_water
D:4:      layout_basic, mainiacjoe_overflow_catwalk, lemuel_doored_altar,
          minmay_vboxes

Skill      XL: |  1  2  3  4  5  6 |
---------------+-------------------+-----
Shields        | 4 |  4.3
Fighting       | 4 |  4.8
Armour         | 4 5 |  5.8
Long Blades    | 3 4 5 |  5.1
Dodging        | 1 |  1.1
Stealth        | |  0.3

Action                   |  1- 3 |  4- 6 || total
-------------------------+-------+-------++-------
Melee: Long sword        |    93 |    60 ||   153
       Headbutt          |    10 |    13 ||    23
  Use: Potion            |       |     3 ||     3
Armor: Scale mail        |    60 |    39 ||    99
Dodge: Dodged            |    65 |    26 ||    91
Block: Buckler           |    26 |    18 ||    44
